 Dungeon Crawl Stone Soup version 0.19.4-9-g45fd643 (webtiles) character file.

2171645 dying5ever the Warrior (level 25, 169/169 HPs)
             Began as a Vampire Necromancer on Feb 20, 2017.
             Was the Champion of Makhleb.
             Escaped with the Orb
             ... and 4 runes on Feb 21, 2017!
             The game lasted 06:46:29 (75260 turns).

dying5ever the Warrior (Vampire Necromancer)       Turns: 75260, Time: 06:46:29

Health: 169/169    AC:  0    Str: 10    XL:     25   Next: 37%
Magic:  32/32      EV: 37    Int: 21    God:    Makhleb [******]
Gold:   1054       SH:  0    Dex: 19    Spells: 15 memorised, 2 levels left

rFire  + . .     SeeInvis +     (weapon currently unavailable)
rCold  . . .     Gourm    .     (armour currently unavailable)
rNeg   + . .     Faith    +     (shield currently unavailable)
rPois  .         Spirit   .     (helmet currently unavailable)
rElec  .         Reflect  .     (cloak currently unavailable)
rCorr  .         Harm     .     (gloves currently unavailable)
MR     ++...                    (boots currently unavailable)
Stlth  ++........               m - amulet of Jithrowo {Faith rF+}
                                (ring currently unavailable)
                                (ring currently unavailable)

@: bat-form, flying, very slightly contaminated, hasted, repel missiles, very
quick
A: fangs 3, (hooves 0), see invisible, clumsy 1, dopey 1, frail 2, low mp 1,
weak 1, (unbreathing), MP-powered wands
a: End Transformation, Minor Destruction, Lesser Servant of Makhleb, Major
Destruction, Greater Servant of Makhleb, Renounce Religion
0: Orb of Zot
}: 4/15 runes: decaying, slimy, silver, gossamer


You escaped.
You worshipped Makhleb.
Makhleb was exalted by your worship.
You were not thirsty.
You were in vampire-bat-form.
You visited 11 branches of the dungeon, and saw 55 of its levels.
You visited the Abyss 1 time.
You visited 1 bazaar.
You also visited: Labyrinth, Trove and Desolation.

You collected 5594 gold pieces.
You spent 4540 gold pieces at shops.

Inventory:

Hand Weapons
 a - a +7 great sword of freezing (melded)
 b - a +6 blowgun
Missiles
 u - 11 curare-tipped needles
 S - 2 throwing nets (quivered)
Armour
 d - the +11 chain mail of Eternal Vigilance (melded) {+Fly rC++ Str+4 Int+3}
   (You found it on level 11 of the Dungeon)

   It affects your strength (+4).
   It affects your intelligence (+3).
   It greatly protects you from cold.
   It lets you fly.
 f - a +2 pair of boots (melded)
 H - a +2 cloak of magic resistance (melded)
 O - a +2 helmet (melded)
 Z - the +1 pair of gloves "Zadyll" (melded) {rPois Str+2}
   (You found it on level 4 of the Spider Nest)

   It affects your strength (+2).
   It protects you from poison.
Rods
 E - a +8 rod of clouds (13/13)
   (You found it on level 5 of the Pits of Slime)
Jewellery
 i - the ring of the Mage {Wiz MR++ Int+3}
   (You found it in a treasure trove)

   [ring of wizardry]

   It improves your spell success rate.
   It affects your intelligence (+3).
   It affects your resistance to hostile enchantments.
 m - the amulet of Jithrowo (around neck) {Faith rF+}
   (You took it off a fire giant on level 5 of the Vaults)

   [amulet of faith]

   It allows you to gain divine favour quickly.
   It protects you from fire.
 s - the ring "Pilidoaw" (melded) {rPois rF+ Int+2 Dex+2}
   (You found it in a treasure trove)

   [ring of protection from fire]

   It affects your intelligence (+2).
   It affects your dexterity (+2).
   It protects you from fire.
   It protects you from poison.
 M - the ring of Qoshruas (melded) {+Fly rElec MR+ Int+3 Slay+2}
   (You found it in a treasure trove)

   [ring of flight]

   It affects your intelligence (+3).
   It affects your accuracy and damage with ranged weapons and melee attacks
   (+2).
   It insulates you from electricity.
   It affects your resistance to hostile enchantments.
   It lets you fly.
 Q - the ring of Miell {Wiz +Inv Int+7}
   (You bought it in a shop on level 3 of the Vaults)

   [ring of wizardry]

   It improves your spell success rate.
   It affects your intelligence (+7).
   It lets you turn invisible.
Wands
 c - a wand of paralysis (2/24)
 k - a wand of hasting (5/9)
 w - a wand of teleportation (1/9)
 I - a wand of acid (5/15)
 J - a wand of teleportation (1/9)
 R - a wand of iceblast (7/15)
 T - a wand of heal wounds (3/9)
 X - a wand of disintegration (12/24)
 Y - a wand of paralysis (10/24)
Scrolls
 l - 3 scrolls of recharging
 n - a scroll of summoning
 o - a scroll of blinking
 q - 5 scrolls of identify
 t - 16 scrolls of remove curse
 x - 8 scrolls of teleportation
 z - 8 scrolls of fog
 A - 6 scrolls of fear
 F - 3 scrolls of magic mapping
 L - 2 scrolls of silence
 N - 5 scrolls of immolation
 P - 4 scrolls of vulnerability
Potions
 e - 2 potions of might
 g - 2 potions of cancellation
 h - 3 potions of haste
 p - 8 potions of curing
 r - a potion of invisibility
 v - 4 potions of magic
 B - 5 potions of blood
 C - 10 potions of brilliance
 D - 7 potions of ambrosia
 U - 4 potions of agility
 V - a potion of heal wounds
Miscellaneous
 j - a phial of floods
 G - a phantom mirror
 K - 4 boxes of beasts
 W - a lamp of fire


   Skills:
 + Level 20.7 Fighting
 - Level 20.1 Long Blades
 - Level 16.5 Armour
 + Level 16.9 Dodging
 - Level 3.0 Stealth
 - Level 9.0 Spellcasting
 - Level 9.0 Hexes
 - Level 9.0 Charms
 - Level 10.4 Necromancy
 - Level 5.0 Translocations
 - Level 10.9 Invocations
 - Level 12.8 Evocations


You had 2 spell levels left.
You knew the following spells:

 Your Spells              Type           Power        Failure   Level  Hunger
a - Spectral Weapon       Hex/Chrm       #####...     1%          3    None
b - Animate Skeleton      Necr           N/A          1%          1    None
c - Vampiric Draining     Necr           ######....   1%          3    None
d - Control Undead        Necr           ######....   1%          4    ##.....
e - Animate Dead          Necr           N/A          1%          4    ##.....
f - Regeneration          Chrm/Necr      ######....   1%          3    None
g - Confuse               Hex            #####...     1%          3    None
h - Tukima's Dance        Hex            #####...     1%          3    None
i - Repel Missiles        Chrm/Air       ####..       1%          2    None
j - Blink                 Tloc           N/A          1%          2    None
k - Apportation           Tloc           ####......   1%          1    None
l - Swiftness             Chrm/Air       ####....     1%          2    None
m - Song of Slaying       Chrm           #####...     1%          2    None
n - Darkness              Hex            #####.....   30%         6    ######.
o - Summon Butterflies    Summ           #.......     10%         1    None


Dungeon Overview and Level Annotations

Branches:
Dungeon (15/15)            Temple (1/1) D:7            Lair (6/6) D:8
  Swamp (4/4) Lair:4       Spider (4/4) Lair:2        Slime (5/5) Lair:6
    Orc (2/2) D:10            Elf (3/3) Orc:2        Vaults (5/5) D:13
  Crypt (0/3) Vaults:2     Depths (5/5) D:15            Zot (5/5) Depths:5

Altars:
Ashenzari
Fedhas
Gozag
Makhleb
Nemelex Xobeh
Okawaru
Sif Muna
Trog
Uskayaw
Xom
Yredelemnul
Zin
The Shining One
Jiyva

Shops:
D:6 (   D:10 !   Orc:1 }=   Orc:2 }%(}(   Elf:1 *   Vaults:1 %
Vaults:3 ?=!=?[%

Portals:
Hell: Depths:1 Depths:2 Depths:3 Depths:5
Abyss: Depths:3
Pandemonium: Depths:1 Depths:2 Depths:3
Ziggurat: Depths:1

Annotations:
D:6 Menkaure
D:7 darthinebriated's ghost, novice MiFi
Elf:1 exclusion: Roxanne, Roxanne
Elf:2 Daunt's ghost, adept DrFE
Depths:1 exclusion: orange crystal statue
Depths:5 exclusion: upstairs


Innate Abilities, Weirdness & Mutations

You have razor-sharp teeth.
You have supernaturally acute eyesight. (SInv)
((You can survive without breathing.))
((You have large cloven feet.))
You are clumsy. (Dex -2)
You are dopey. (Int -2)
You are very frail. (-20% HP)
Your magical capacity is low. (-10% MP)
You are weak. (Str -2)
You expend magic power (3 MP) to strengthen your wands.


Message History

You fly upwards.
There is a stone staircase leading down here.
You see here a club.
Your magical contamination has completely faded away.
You see here a dagger.
There is a stone staircase leading up here.
You fly upwards.
There is a stone staircase leading down here.
Evoke which item? (* to show all) (? for menu, Esc to quit)
Okay, then.
You feel yourself speed up.
You are very lightly contaminated with residual magic.
You see here a club.
A frilled lizard comes into view.
A sixfirhy comes into view.
You see here a club.
You reach down and open the door.
There is an open door here.
There is a staircase leading out of the dungeon here.
You have escaped!

#.# #..#..#..>.)#'##'### #.#####
..# ##รท####.###.#.##.# #....).
### ##......###.#....# ######.
#...........###### #.
#.#.########3# ..# #. #####.#.#
#.# .#.# #. ....#.#.#
##'####..##.######. ###.#.#.#
+...'..# #.##..... ....#.#.#
####.b.#### #......##
....#...####..'...'..## #[...%.#
##.##.#.##..####'####..##......#
........#.### #.# #.#......#
##.####..###############.......##
#.............................##
################.#...##.......##
#...#.###>#.#...#
#####.....#.#..Z.


You could see a sixfirhy.

Vanquished Creatures
  the Royal Jelly (Slime:5)
  An ancient lich (Zot:5)
  6 orbs of fire (Zot:5)
  3 caustic shrikes
  A curse toe (Zot:4)
  A Killer Klown (Zot:5)
  5 golden dragons
  2 bone dragons
  3 electric golems
  22 Orb Guardians
  4 tentacled monstrosities
  A lich (Vaults:3)
  3 titans
  2 deep elf blademasters (Elf:3)
  2 deep elf master archers (Elf:3)
  5 quicksilver dragons
  2 death cobs
  23 acid blobs
  Gastronok (Lair:1)
  2 sphinxes
  3 tentacled starspawn (Abyss:2)
  Agnes (Elf:1)
  4 shadow dragons
  6 storm dragons
  7 azure jellies
  2 tengu reavers
  A draconian monk (Zot:2)
  4 deep elf sorcerers (Elf:3)
  9 vault wardens
  7 fire giants
  4 draconian knights (Zot:5)
  4 frost giants
  Aizul (Vaults:2)
  2 emperor scorpions (Spider:4)
  6 deep elf elementalists
  5 draconian scorchers
  The ghost of rriegs the Warrior, a journeyman HOFi of Okawaru (Lair:6)
  A draconian zealot (Zot:5)
  A balrug (Depths:1)
  A juggernaut zombie (Depths:1)
  An orc warlord (Orc:2)
  3 draconian shifters
  An imperial myrmidon (Desolation)
  8 ghost moths
  6 draconian annihilators
  7 very ugly things
  14 ironheart preservers
  2 entropy weavers
  A war gargoyle (Vaults:5)
  2 spriggan defenders
  2 draconian callers
  13 stone giants
  7 deep elf demonologists
  A stone giant (shapeshifter) (Depths:4)
  2 black draconians
  6 green draconians
  4 yellow draconians
  7 deep elf annihilators
  2 mottled draconians (Zot:2)
  A white draconian (Zot:5)
  9 red draconians
  5 purple draconians
  9 spark wasps
  5 ettins
  6 fire dragons
  3 crystal guardians
  A minotaur (Lab)
  9 deep elf death magi
  6 death oozes (Slime:5)
  11 yaktaur captains
  Josephine (Lair:4)
  3 deep elf high priests
  9 great orbs of eyes
  32 vault guards
  4 ragged hierophants (Desolation)
  8 servants of whispers (Desolation)
  8 ice dragons
  6 peacekeepers (Desolation)
  9 hydras
  5 rakshasas
  A spriggan air mage (Depths:3)
  9 centaur warriors
  2 ghost crabs
  2 death knights (Vaults:2)
  12 alligators
  17 dancing weapons
  12 ogre magi
  12 deep troll shamans
  A hell hog (shapeshifter) (Vaults:5)
  3 tengu warriors
  The ghost of Dilettante the Fighter, a novice OgSk of Vehumet (D:8)
  2 death yaks (Lair:4)
  11 deep troll earth magi
  A shock serpent (shapeshifter) (Vaults:3)
  3 orc high priests (Orc:2)
  A thrashing horror (Abyss:2)
  2 spriggan berserkers (Depths:2)
  Sonja (D:11)
  A soul eater (Abyss:2)
  2 sun demons (Depths:1)
  A wretched star (Abyss:2)
  A shadow wraith (Vaults:3)
  A fire crab (shapeshifter) (Vaults:1)
  16 deep elf knights
  A skeletal warrior (D:15)
  5 iron trolls
  3 hell knights (Vaults:2)
  A death drake (shapeshifter) (Vaults:3)
  2 unseen horrors
  2 unseen horrors (shapeshifter)
  A death drake (Depths:4)
  4 glowing orange brains
  A spriggan druid (Swamp:4)
  A shadow demon (Zot:2)
  3 wizards (Vaults:3)
  7 hill giants
  2 tengu zombies (Depths:1)
  7 swamp dragons
  3 harpies (Vaults:4)
  33 deep trolls
  3 flayed ghosts
  20 deep elf archers
  Pikel (D:5)
  23 ironbrand convokers
  5 necromancers
  2 lindwurms (shapeshifter)
  57 deep elf magi
  8 orc knights
  5 phantasmal warriors
  An iron dragon zombie (Depths:2)
  A stone giant zombie (D:15)
  2 cyclopes
  39 ugly things
  33 wolf spiders
  4 orc sorcerers
  14 orb spiders
  2 manticores
  3 centaur zombies
  A spriggan zombie (Depths:2)
  16 moths of wrath
  15 vault sentinels
  7 black mambas
  2 eyes of devastation
  An iron dragon skeleton (D:15)
  5 elephants
  2 frost giant skeletons
  A molten gargoyle (Desolation)
  2 torpor snails (Spider:4)
  12 spiny frogs
  A smoke demon (Abyss:2)
  6 gargoyles
  Psyche (D:9)
  A kobold demonologist (D:13)
  17 demonic crawlers
  46 yaktaurs
  7 komodo dragons
  4 freezing wraiths
  A guardian mummy (D:15)
  An ancient zyme (Abyss:2)
  8 trolls
  A tormentor (Zot:1)
  4 tengu conjurers
  3 meliai (D:14)
  20 jumping spiders
  A queen bee (shapeshifter) (Depths:3)
  4 tyrant leeches
  10 hornets
  18 two-headed ogres
  A queen bee (D:13)
  26 slime creatures
  A polar bear (Lair:6)
  9 blink frogs
  An ettin zombie (D:15)
  A hornet (shapeshifter) (Vaults:1)
  15 hippogriffs
  2 raiju (Depths:4)
  A hippogriff (shapeshifter) (Elf:1)
  A dream sheep (shapeshifter) (Vaults:4)
  39 saltlings (Desolation)
  A fire giant simulacrum (Vaults:2)
  3 bog bodies
  A meliai zombie (D:13)
  5 air elementals
  3 shadows
  26 tarantellas
  A centaur simulacrum (D:15)
  58 redbacks
  8 water elementals
  6 spriggans
  5 wraiths
  A wyvern (shapeshifter) (Vaults:1)
  A tarantella (shapeshifter) (Vaults:2)
  Eustachio (D:4)
  3 basilisks
  30 yaks
  2 wyverns
  2 fire elementals
  13 vampire mosquitoes
  3 neqoxecs
  A human simulacrum (Vaults:2)
  A steam dragon (shapeshifter) (Depths:5)
  11 wargs
  19 swamp worms
  16 insubstantial wisps
  A mottled dragon (D:15)
  2 deep troll zombies (Vaults:2)
  6 hell hounds (Depths:4)
  A small abomination (Abyss:2)
  A soldier ant (D:14)
  A hydra simulacrum (Depths:4)
  10 porcupines
  9 water moccasins
  A floating eye (Slime:4)
  A floating eye (shapeshifter) (Vaults:3)
  A slave (D:5)
  28 orc warriors
  A hornet zombie (D:10)
  11 swamp drakes
  2 black bears
  7 eyes of draining
  3 ice beasts
  A phantom (D:8)
  39 ogres
  9 boggarts
  8 wolves
  15 centaurs
  A crocodile (shapeshifter) (Depths:2)
  4 big kobolds
  9 crocodiles
  14 bullfrogs
  4 earth elementals
  A wyvern zombie (D:11)
  A glowing shapeshifter simulacrum (Depths:2)
  A water moccasin skeleton (D:5)
  4 scorpions
  26 killer bees
  A troll skeleton (Lab)
  3 wights (D:6)
  14 electric eels
  3 howler monkeys
  2 bullfrog zombies
  6 crimson imps
  2 quasits
  26 orc priests
  6 centaur skeletons
  7 hounds
  A gnoll shaman (D:5)
  2 jellies
  2 bullfrog skeletons
  3 iguanas
  33 orc wizards
  13 worker ants
  2 hound skeletons
  6 gnolls
  18 adders
  2 shadow imps
  3 white imps
  An ooze (D:1)
  An adder skeleton (D:4)
  A worm (D:4)
  2 dart slugs
  7 leopard geckos
  108 orcs
  2 giant cockroaches (D:4)
  6 goblins
  12 hobgoblins
  15 jackals
  3 quokkas
  A ball python (D:1)
  5 bats
  5 frilled lizards
  A jackal zombie (D:6)
  23 kobolds
  2 leopard gecko skeletons
  A quokka skeleton (D:5)
  8 rats
  3 crawling corpses
  2 starspawn tentacles (Abyss:2)
  A withered plant (D:15)
1937 creatures vanquished.

Vanquished Creatures (collateral kills)
  An orb of fire (Zot:5)
  Bai Suzhen (Spider:3)
  the Lernaean hydra (Swamp:4)
  Margery (Vaults:2)
  A caustic shrike (Depths:2)
  2 tentacled monstrosities (Zot:4)
  A titan (Vaults:5)
  A thorn hunter (Swamp:4)
  A shadow dragon (Vaults:5)
  2 deep elf sorcerers
  6 vault wardens
  A draconian zealot (Depths:5)
  5 ironheart preservers
  An emperor scorpion (Spider:4)
  An orc warlord (Orc:2)
  2 stone giants
  A war gargoyle (Vaults:5)
  A very ugly thing (Depths:3)
  2 deep elf annihilators
  A yellow draconian (Zot:5)
  3 death oozes
  3 ettins (Depths:3)
  A fire dragon (Vaults:3)
  2 yaktaur captains
  4 vault guards
  10 hydras
  A hydra (shapeshifter) (Depths:1)
  Fannar (D:10)
  An ice dragon (Lair:5)
  2 centaur warriors
  An alligator (Lair:5)
  A deep troll shaman (Depths:3)
  A death yak (Lair:4)
  A slime creature (Vaults:1)
  A hell knight (Depths:5)
  A titan skeleton (Depths:1)
  A deep troll (Depths:2)
  A wizard (D:13)
  A flayed ghost (Vaults:4)
  4 ironbrand convokers
  4 swamp dragons
  A hill giant (Vaults:1)
  An orc knight (Vaults:4)
  An orb spider (Spider:3)
  A phantasmal warrior (Vaults:5)
  3 orc sorcerers (Orc:2)
  A wolf spider (Spider:3)
  A shining eye (Slime:4)
  4 deep elf magi
  2 ugly things (Depths:3)
  A moth of wrath (Zot:2)
  2 elephants (Lair:6)
  Maurice (D:13)
  2 vault sentinels
  4 spiny frogs
  A yaktaur (Vaults:4)
  A centaur skeleton (D:13)
  A demonic crawler (Spider:4)
  A komodo dragon (Lair:4)
  3 trolls
  A polar bear (Lair:2)
  2 jumping spiders
  6 hornets
  2 two-headed ogres
  10 blink frogs
  2 hippogriffs
  A bog body (Swamp:4)
  A water elemental (Depths:4)
  3 tarantellas (Spider:4)
  2 wraiths (Lair:4)
  7 redbacks (Spider:4)
  A spriggan (Swamp:4)
  A yak (D:13)
  A human (shapeshifter) (Depths:2)
  A vampire mosquito (D:11)
  A warg (Orc:2)
  3 swamp worms
  2 water moccasins
  2 porcupines (Lair:2)
  A hell hound (Depths:4)
  9 orc warriors
  3 swamp drakes
  3 ogres
  A big kobold (D:11)
  4 crocodiles
  A bullfrog (Lair:2)
  An electric eel (D:11)
  A quasit (D:8)
  2 orc priests
  5 orc wizards
  A bullfrog skeleton (D:8)
  A gnoll (D:3)
  A white imp (Lair:5)
  5 orcs
  2 bats
  A goblin (D:2)
  2 jackals
  A frilled lizard (D:3)
  4 kobolds
  A leopard gecko zombie (D:5)
  A rat (D:2)
  A fungus (Lair:6)
  A plant (Lair:2)
212 creatures vanquished.

Vanquished Creatures (others)
  Asterion (Elf:1)
  A very ugly thing (Depths:2)
  A draconian caller (Zot:5)
  A yaktaur captain (Vaults:3)
  A deep elf knight (Vaults:3)
  A shining eye (Slime:2)
  A deep elf mage (Vaults:4)
  A moth of wrath (Zot:5)
  A slime creature (Slime:4)
  14 dancing weapons
  3 slaves (D:6)
  An orc warrior (Orc:2)
  A wolf (Depths:4)
  A centaur (Vaults:1)
  An orc wizard (D:3)
  A kobold (D:11)
  3 fungi
  13 pillars of salt (Elf:1)
  8 plants
  67 spectral weapons
  8 starspawn tentacles (Abyss:2)
  A withered plant (D:15)
131 creatures vanquished.

Grand Total: 2280 creatures vanquished

Notes
Turn   | Place    | Note
-------+----------+-------------------------------------------
     0 | D:1      | dying5ever the Vampire Necromancer began the quest for the Orb.
     0 | D:1      | Reached XP level 1. HP: 13/13 MP: 3/3
     2 | D:1      | Learned a level 1 spell: Animate Skeleton
   324 | D:1      | Reached XP level 2. HP: 17/19 MP: 0/5
   334 | D:1      | Reached skill level 5 in Necromancy
  1018 | D:1      | Reached XP level 3. HP: 24/24 MP: 4/6
  1096 | D:1      | Learned a level 3 spell: Vampiric Draining
  1221 | D:2      | Found an opulent altar of Gozag.
  1473 | D:2      | Found a burning altar of Makhleb.
  1477 | D:2      | Reached XP level 4. HP: 28/30 MP: 3/7
  1487 | D:2      | Became a worshipper of Makhleb the Destroyer
  2168 | D:3      | Reached skill level 1 in Long Blades
  2388 | D:3      | Reached * piety under Makhleb
  2551 | D:3      | Reached XP level 5. HP: 25/36 MP: 4/8
  2756 | D:3      | Found a deep blue altar of Sif Muna.
  3720 | D:3      | Reached XP level 6. HP: 35/42 MP: 4/10
  3726 | D:3      | Learned a level 4 spell: Control Undead
  4356 | D:4      | Reached skill level 1 in Fighting
  4642 | D:4      | Reached XP level 7. HP: 45/50 MP: 5/13
  4698 | D:4      | Learned a level 4 spell: Animate Dead
  4713 | D:4      | Reached ** piety under Makhleb
  5040 | D:4      | Noticed Eustachio
  5060 | D:4      | Found a blossoming altar of Fedhas.
  5325 | D:4      | Found a glowing silver altar of Zin.
  5551 | D:4      | Killed Eustachio
  5690 | D:5      | Entered Level 5 of the Dungeon
  6359 | D:5      | Found an iron altar of Okawaru.
  6396 | D:5      | Reached skill level 5 in Long Blades
  6396 | D:5      | Reached XP level 8. HP: 39/60 MP: 8/14
  6951 | D:5      | Found a glowing golden altar of the Shining One.
  7064 | D:6      | Noticed Pikel
  7388 | D:6      | Noticed a hill giant
  7421 | D:5      | Killed Pikel
  7421 | D:5      | Reached skill level 5 in Fighting
  7552 | D:6      | Noticed Menkaure
  7651 | D:6      | Found Negesh's Weapon Boutique.
  7804 | D:6      | Reached *** piety under Makhleb
  8238 | D:6      | Reached XP level 9. HP: 52/69 MP: 11/15
  8361 | D:6      | Found a shimmering altar of Xom.
  8473 | D:6      | Killed a hill giant
  9119 | D:7      | Learned a level 3 spell: Regeneration
  9128 | D:7      | Found a hide-covered altar of Uskayaw.
  9129 | D:7      | Found a sparkling altar of Nemelex Xobeh.
  9380 | D:7      | Noticed darthinebriated's ghost (novice MiFi)
  9617 | D:8      | Found a staircase to the Lair.
  9819 | D:7      | Reached skill level 5 in Dodging
  9819 | D:7      | Reached skill level 5 in Invocations
 10226 | D:7      | Reached skill level 1 in Armour
 10287 | D:7      | Found a staircase to the Ecumenical Temple.
 10297 | Temple   | Entered the Ecumenical Temple
 10361 | D:7      | Reached **** piety under Makhleb
 10361 | D:7      | Reached XP level 10. HP: 79/79 MP: 9/16
 10630 | D:8      | Noticed Dilettante's ghost (novice OgSk)
 10937 | D:7      | Reached skill level 1 in Evocations
 11063 | D:8      | Killed Dilettante's ghost
 11257 | D:8      | Found a bloodstained altar of Trog.
 11824 | Lair:1   | Entered Level 1 of the Lair of Beasts
 12031 | Lair:1   | Noticed a six-headed hydra
 12036 | Lair:1   | Noticed a spiny frog
 12073 | Lair:1   | Killed a six-headed hydra
 12081 | Lair:1   | Killed a spiny frog
 12127 | Lair:1   | Got a warped ring mail
 12282 | Lair:1   | Identified the +0 ring mail "Kerhoukk" {rF+} (You found it on level 1 of the Lair of Beasts)
 12302 | Lair:1   | Noticed Gastronok
 12673 | Lair:2   | Noticed a black mamba
 12681 | Lair:2   | Killed a black mamba
 12850 | Lair:2   | Reached XP level 11. HP: 67/87 MP: 7/17
 13024 | Lair:2   | Reached skill level 5 in Evocations
 13147 | Lair:2   | Found a hole to the Spider Nest.
 13358 | Lair:2   | Noticed a wolf spider
 13378 | Lair:2   | Killed a wolf spider
 14228 | Lair:3   | Noticed a seven-headed hydra
 14239 | Lair:3   | Killed a seven-headed hydra
 14961 | Lair:4   | Noticed a death yak
 15148 | Lair:4   | Noticed a seven-headed hydra
 15226 | Lair:4   | Killed a seven-headed hydra
 15288 | Lair:4   | Found a staircase to the Swamp.
 15471 | Lair:4   | Noticed a death yak
 16181 | Lair:4   | Reached XP level 12. HP: 95/95 MP: 12/18
 16477 | Lair:4   | Killed a death yak
 16502 | Lair:4   | Noticed a death yak
 16512 | Lair:4   | Killed a death yak
 16519 | Lair:4   | Killed a death yak
 16739 | Lair:4   | Reached skill level 10 in Long Blades
 17186 | Lair:4   | Noticed Josephine
 17729 | Lair:5   | Reached skill level 10 in Dodging
 17940 | Lair:5   | Noticed an ice dragon
 18067 | Lair:5   | Reached ***** piety under Makhleb
 18155 | Lair:5   | Killed an ice dragon
 18351 | Lair:5   | Noticed an eight-headed hydra
 18367 | Lair:5   | Killed an eight-headed hydra
 18386 | Lair:5   | Noticed an alligator
 18397 | Lair:5   | Killed an alligator
 18604 | Lair:5   | Noticed a four-headed hydra
 18613 | Lair:5   | Killed a four-headed hydra
 18708 | Lair:6   | Entered Level 6 of the Lair of Beasts
 18756 | Lair:6   | Noticed an eight-headed hydra
 18763 | Lair:6   | Killed an eight-headed hydra
 18763 | Lair:6   | Reached skill level 10 in Fighting
 19054 | Lair:6   | Noticed rriegs's ghost (journeyman HOFi)
 19230 | Lair:6   | Found a viscous altar of Jiyva.
 19231 | Lair:6   | Found a staircase to the Slime Pits.
 19240 | Lair:6   | Reached XP level 13. HP: 103/103 MP: 19/19
 21110 | D:9      | Noticed Psyche
 21117 | D:9      | Killed Psyche
 21160 | D:9      | Learned a level 3 spell: Confuse
 21440 | D:9      | Reached skill level 1 in Hexes
 21450 | D:9      | Found a shattered altar of Ashenzari.
 21830 | D:10     | Entered Level 10 of the Dungeon
 21830 | D:10     | Noticed Fannar
 21865 | D:10     | Found a glowing golden altar of the Shining One.
 22000 | D:10     | Killed Fannar
 23033 | D:10     | Found Qeacs's Distillery.
 23158 | D:10     | Found a staircase to the Orcish Mines.
 23275 | Orc:1    | Entered Level 1 of the Orcish Mines
 23275 | Orc:1    | Found Notaon's Jewellery Shoppe.
 23613 | Orc:1    | Bought a +3 ring of evasion for 273 gold pieces
 23664 | Orc:1    | Reached skill level 5 in Hexes
 24078 | Orc:1    | Found Kodasuwe's Quality Used Wands.
 24252 | Orc:2    | Entered Level 2 of the Orcish Mines
 24270 | Orc:2    | Paralysed by an orc sorcerer for 7 turns
 24441 | Orc:2    | Found Foez's Antique Weapon Emporium.
 24859 | Orc:2    | Noticed an orc warlord
 24977 | Orc:2    | Found a staircase to the Elven Halls.
 25154 | Orc:2    | Killed an orc warlord
 25154 | Orc:2    | Reached skill level 5 in Spellcasting
 25161 | Orc:2    | Learned a level 3 spell: Tukima's Dance
 25324 | Orc:2    | Found Witzom's Weapon Shoppe.
 25566 | Orc:2    | Paralysed by an orc sorcerer for 3 turns
 25577 | Orc:2    | Noticed a stone giant
 25933 | Orc:2    | Killed a stone giant
 26626 | Orc:2    | Noticed an orc warlord
 26693 | Orc:2    | Killed an orc warlord
 27247 | Orc:2    | Reached XP level 14. HP: 110/110 MP: 19/21
 27277 | Orc:2    | Found Mongoh's Gadget Shop.
 27282 | Orc:2    | Found Gulucuofyu's Food Shop.
 27284 | Orc:2    | Found Suer's Gadget Shoppe.
 27292 | Orc:2    | Bought a wand of hasting (6/9) for 660 gold pieces
 27770 | D:11     | Got a flickering sapphire amulet
 27771 | D:11     | Identified the amulet "Evval" {Gourm rC+ Dex+3} (You found it on level 11 of the Dungeon)
 27856 | D:11     | Noticed Sonja
 27870 | D:11     | Killed Sonja
 28315 | D:11     | Got a distressingly furry chain mail
 28326 | D:11     | Identified the +11 chain mail of Eternal Vigilance {+Fly rC++ Str+4 Int+3} (You found it on level 11 of the Dungeon)
 29152 | D:12     | Reached skill level 5 in Armour
 30313 | D:13     | Found a gate to the Vaults.
 30404 | D:13     | Noticed Maurice
 30424 | D:13     | Killed Maurice
 30451 | D:13     | Reached ****** piety under Makhleb
 30600 | D:13     | Reached skill level 15 in Long Blades
 30893 | D:14     | Found a labyrinth entrance.
 30904 | Lab      | Entered a labyrinth
 31694 | Lab      | Identified Sif Muna's Almanac of Bewitching Earth
 31698 | Lab      | Identified a +5 rod of shadows (12/12) (You found it in a labyrinth)
 32814 | D:15     | Entered Level 15 of the Dungeon
 32823 | D:15     | Identified a scroll of acquirement
 33220 | D:15     | Found a staircase to the Depths.
 33568 | D:15     | Reached XP level 15. HP: 114/114 MP: 22/22
 34572 | Swamp:1  | Entered Level 1 of the Swamp
 34579 | Swamp:1  | Learned a level 3 spell: Spectral Weapon
 34831 | Swamp:1  | Reached skill level 1 in Charms
 37309 | Swamp:4  | Entered Level 4 of the Swamp
 37612 | Swamp:4  | Cast into level 2 of the Abyss (spriggan rider)
 37695 | Abyss:2  | Noticed a tentacled starspawn
 37709 | Abyss:2  | Killed a tentacled starspawn
 37872 | Abyss:2  | Noticed a ghost moth
 37886 | Abyss:2  | Killed a ghost moth
 37904 | Abyss:2  | Noticed a tentacled monstrosity
 37947 | Abyss:2  | Noticed a tentacled starspawn
 37962 | Abyss:2  | Killed a tentacled starspawn
 37964 | Abyss:2  | Noticed a tentacled starspawn
 37977 | Abyss:2  | Killed a tentacled starspawn
 37980 | Swamp:4  | Escaped the Abyss
 38919 | Spider:1 | Entered Level 1 of the Spider Nest
 39030 | Spider:1 | Reached XP level 16. HP: 127/127 MP: 18/23
 39172 | Spider:1 | Reached skill level 10 in Armour
 40968 | Swamp:4  | Noticed the 27-headed Lernaean hydra
 40982 | Swamp:4  | Noticed a thorn hunter
 40982 | Swamp:4  | Killed the 27-headed Lernaean hydra
 40988 | Swamp:4  | Killed a thorn hunter
 41093 | Swamp:4  | Got a decaying rune of Zot
 41363 | Lair:4   | Killed Josephine
 42800 | Spider:3 | Noticed Bai Suzhen
 42921 | Spider:3 | Killed Bai Suzhen
 43008 | Spider:4 | Entered Level 4 of the Spider Nest
 43252 | Spider:4 | Reached XP level 17. HP: 136/138 MP: 3/24
 44228 | Spider:4 | Got a gossamer rune of Zot
 44864 | Spider:4 | Got a pair of fine gloves
 44875 | Spider:4 | Identified the +1 pair of gloves "Zadyll" {rPois Str+2} (You found it on level 4 of the Spider Nest)
 45163 | Vaults:1 | Entered Level 1 of the Vaults
 45175 | Vaults:1 | Reached skill level 10 in Invocations
 46616 | Vaults:1 | Found Udweudgh's Food Emporium.
 46806 | Vaults:1 | Reached skill level 15 in Fighting
 47231 | Vaults:1 | Found a basalt altar of Yredelemnul.
 47800 | Spider:1 | Learned a level 2 spell: Repel Missiles
 48325 | Lair:1   | Killed Gastronok
 48579 | Vaults:2 | Noticed Aizul
 48706 | Vaults:2 | Reached XP level 18. HP: 142/148 MP: 18/26
 48785 | Vaults:2 | Killed Aizul
 49432 | Vaults:2 | Found a staircase to the Crypt.
 49432 | Vaults:2 | Noticed Margery
 50570 | Vaults:2 | Killed Margery
 50970 | Vaults:2 | Found a portal to a secret trove of treasure.
 50978 | Vaults:2 | Got a pitted chain mail
 50989 | Vaults:2 | Identified the +1 chain mail of Isisk {rC- Int+2 Dex+6 SInv} (You found it on level 2 of the Vaults)
 51132 | Vaults:3 | Found Ibunin's Magic Scroll Shoppe.
 51136 | Vaults:3 | Bought a scroll of teleportation for 57 gold pieces
 51136 | Vaults:3 | Bought a scroll of recharging for 180 gold pieces
 51136 | Vaults:3 | Bought a scroll of identify for 38 gold pieces
 51136 | Vaults:3 | Bought a scroll of enchant armour for 142 gold pieces
 51136 | Vaults:3 | Bought a scroll of teleportation for 57 gold pieces
 51261 | Vaults:3 | Found Josieda's Jewellery Boutique.
 51261 | Vaults:3 | Found Feujaops's Distillery.
 51291 | Vaults:3 | Bought a potion of heal wounds for 60 gold pieces
 51291 | Vaults:3 | Bought a potion of heal wounds for 60 gold pieces
 51415 | Vaults:3 | Found Jiynimaede's Magic Scroll Shoppe.
 51424 | Vaults:3 | Bought a scroll of enchant weapon for 165 gold pieces
 52420 | Vaults:3 | Reached XP level 19. HP: 155/155 MP: 23/27
 53078 | Vaults:3 | Paralysed by a floating eye for 3 turns
 53094 | Vaults:3 | Found Daetuir's Food Shop.
 53094 | Vaults:3 | Found Heimyf's Jewellery Shop.
 53105 | Vaults:3 | Found Kaowav's Antique Armour Shop.
 55263 | D:10     | Bought a potion of cure mutation for 350 gold pieces
 55420 | Vaults:2 | You paid a toll of 3 potions of cure mutation to enter a treasure trove
 55421 | Trove    | Entered a treasure trove
 55426 | Trove    | Got a scintillating iron ring
 55434 | Trove    | Identified the ring "Pilidoaw" {rPois rF+ Int+2 Dex+2} (You found it in a treasure trove)
 55443 | Trove    | Got a bound platinum ring
 55445 | Trove    | Got a smoking lapis lazuli ring
 55450 | Trove    | Identified the ring of the Dragon {rC+ MR++} (You found it in a treasure trove)
 55454 | Trove    | Got a sparkling tin ring
 55455 | Trove    | Identified the ring of Vuenuris {*Tele *Slow rN+++ Dex-5 Stlth+} (You found it in a treasure trove)
 55464 | Trove    | Got a wavering ivory ring
 55465 | Trove    | Identified the ring "Axiuqaeho" {Wiz +Blink rC- MP+9 Str+2} (You found it in a treasure trove)
 55467 | Trove    | Identified the ring "Apacvona" {Str+3 Dex+9 Stlth-} (You found it in a treasure trove)
 55471 | Trove    | Got a slimy pewter ring
 55472 | Trove    | Identified the ring of Qoshruas {+Fly rElec MR+ Int+3 Slay+2} (You found it in a treasure trove)
 55511 | Trove    | Got a flickering lapis lazuli ring
 55512 | Trove    | Identified the ring of the Thistle {+Fly Dex+5} (You found it in a treasure trove)
 55846 | Elf:1    | Entered Level 1 of the Elven Halls
 56039 | Elf:1    | Found a ruined gateway.
 56054 | Desolati | Entered the Desolation of Salt
 56870 | Desolati | Reached XP level 20. HP: 162/162 MP: 22/28
 56899 | Desolati | Got a warped silver ring
 56901 | Desolati | Identified the ring of Discretion {Fire *Corrode +Fly Dex+5} (You found it in the Desolation of Salt)
 57008 | Elf:1    | Noticed Asterion
 57274 | Elf:1    | Found Raxenish's Assorted Antiques.
 57472 | Elf:1    | Bought a scroll of acquirement for 1300 gold pieces
 57540 | Elf:1    | Noticed Agnes
 57556 | Elf:1    | Killed Agnes
 57961 | Elf:1    | Killed Asterion
 58006 | Elf:1    | Noticed Roxanne
 58176 | Elf:1    | Got a clouded emerald amulet
 58178 | Elf:1    | Identified the amulet "Xexaet" {Faith rC+} (You took it off an ironbrand convoker on level 1 of the Elven Halls)
 58541 | Elf:2    | Noticed Daunt's ghost (adept DrFE)
 59100 | Elf:3    | Entered Level 3 of the Elven Halls
 59250 | Elf:3    | Found a flickering gateway to a bazaar.
 59258 | Bazaar   | Entered a bazaar
 59260 | Bazaar   | Found Rofogodd's Armour Boutique.
 59264 | Bazaar   | Found Faagg's Assorted Antiques.
 59264 | Bazaar   | Found Dira's Jewellery Boutique.
 59264 | Bazaar   | Found Ismey's Food Boutique.
 59280 | Bazaar   | Bought a scroll of enchant armour for 142 gold pieces
 60591 | Elf:3    | Reached XP level 21. HP: 173/173 MP: 30/32
 60740 | Elf:3    | Learned a level 2 spell: Blink
 61184 | Depths:1 | Entered Level 1 of the Depths
 61419 | Depths:1 | Found a gateway to a ziggurat.
 61958 | Depths:1 | Found a one-way gate leading to the halls of Pandemonium.
 62452 | Depths:1 | Found a gateway to Hell.
 62847 | Depths:2 | Noticed a caustic shrike
 62848 | Depths:2 | Noticed a caustic shrike
 62848 | Depths:2 | Noticed a caustic shrike
 62850 | Depths:2 | Noticed a caustic shrike
 62920 | Depths:1 | Killed a caustic shrike
 63593 | Depths:2 | Killed a caustic shrike
 63603 | Depths:2 | Killed a caustic shrike
 63624 | Depths:2 | Killed a caustic shrike
 63730 | Depths:2 | Reached skill level 10 in Necromancy
 63992 | Depths:2 | Reached skill level 15 in Dodging
 64438 | Depths:3 | Reached skill level 5 in Charms
 64482 | Depths:3 | Found a one-way gate to the infinite horrors of the Abyss.
 64797 | Depths:3 | Identified the Tome of Gliding Dislocation
 64800 | Depths:3 | Learned a level 1 spell: Apportation
 64850 | Depths:3 | Reached XP level 22. HP: 174/182 MP: 30/35
 65046 | Depths:3 | Reached skill level 1 in Translocations
 65848 | Depths:5 | Entered Level 5 of the Depths
 66366 | Depths:5 | Noticed a golden dragon
 66380 | Depths:5 | Killed a golden dragon
 66723 | Depths:5 | Found a gate to the Realm of Zot.
 67246 | Depths:2 | Reached skill level 5 in Translocations
 67476 | Vaults:3 | Bought the ring of Miell {Wiz +Inv Int+7} for 1056 gold pieces
 67560 | Vaults:5 | Entered Level 5 of the Vaults
 67840 | Vaults:5 | Identified the amulet of Jithrowo {Faith rF+} (You took it off a fire giant on level 5 of the Vaults)
 67956 | Vaults:5 | Identified Melupagg's Volume of Mutagenic Enhancements
 67960 | Vaults:5 | Learned a level 2 spell: Swiftness
 67963 | Vaults:5 | Learned a level 2 spell: Song of Slaying
 68013 | Vaults:5 | Got a silver rune of Zot
 68076 | Vaults:5 | Reached XP level 23. HP: 190/190 MP: 22/36
 68369 | Vaults:5 | Noticed an ancient lich
 68961 | Slime:1  | Entered Level 1 of the Pits of Slime
 69255 | Slime:2  | Gained mutation: You expend magic power (3 MP) to strengthen your wands. [a shining eye]
 69593 | Slime:4  | Reached skill level 15 in Armour
 69765 | Slime:5  | Entered Level 5 of the Pits of Slime
 69968 | Slime:5  | Noticed the Royal Jelly
 69994 | Slime:5  | Killed the Royal Jelly
 70281 | Slime:5  | Paralysed by a floating eye for 2 turns
 70479 | Slime:5  | Identified the amulet "Woericat" {Gourm MP-9 Str+2 Int+3} (You found it on level 5 of the Pits of Slime)
 70550 | Slime:5  | Identified the Compendium of Earthen Air
 70561 | Slime:5  | Got a slimy rune of Zot
 70570 | Slime:5  | Learned a level 6 spell: Darkness
 70602 | Slime:5  | Learned a level 1 spell: Summon Butterflies
 70637 | Slime:5  | Identified a +8 rod of clouds (13/13) (You found it on level 5 of the Pits of Slime)
 70835 | Lair:6   | Killed rriegs's ghost
 71243 | Zot:1    | Entered Level 1 of the Realm of Zot
 71773 | Zot:2    | Reached skill level 10 in Evocations
 71967 | Zot:2    | Reached XP level 24. HP: 201/201 MP: 34/36
 72818 | Zot:5    | Entered Level 5 of the Realm of Zot
 73376 | Zot:5    | Noticed an orb of fire
 73378 | Zot:5    | Noticed an orb of fire
 73561 | Zot:5    | Gained mutation: You are frail. (-10% HP) [an orb of fire]
 73572 | Zot:5    | Gained mutation: You have large cloven feet. [an orb of fire]
 73578 | Zot:5    | Killed an orb of fire
 73585 | Zot:5    | Gained mutation: You are weak. (Str -2) [an orb of fire]
 73592 | Zot:5    | Killed an orb of fire
 73673 | Zot:5    | Noticed an ancient lich
 73688 | Zot:5    | Killed an ancient lich
 73712 | Zot:5    | Noticed an orb of fire
 73722 | Zot:5    | Gained mutation: Your magical capacity is low. (-10% MP) [an orb of fire]
 73734 | Zot:5    | Killed an orb of fire
 73742 | Zot:5    | Noticed an orb of fire
 73763 | Zot:5    | Killed an orb of fire
 74026 | Zot:5    | Noticed an orb of fire
 74033 | Zot:5    | Gained mutation: You are clumsy. (Dex -2) [an orb of fire]
 74046 | Zot:5    | Noticed an orb of fire
 74053 | Zot:5    | Killed an orb of fire
 74059 | Zot:5    | Gained mutation: You are dopey. (Int -2) [an orb of fire]
 74070 | Zot:5    | Gained mutation: You are very frail. (-20% HP) [an orb of fire]
 74077 | Zot:5    | Killed an orb of fire
 74098 | Zot:5    | Reached XP level 25. HP: 168/168 MP: 25/32
 74157 | Zot:5    | Noticed an orb of fire
 74175 | Zot:5    | Killed an orb of fire
 74535 | Zot:5    | Got the Orb of Zot
 75260 | D:$      | Escaped with the Orb!

Skill      XL: |  1  2  3  4  5  6  7  8  9 10 11 12 13 14 15 16 17 18 19 20 21 22 23 24 |
---------------+-------------------------------------------------------------------------+-----
Necromancy     | 5 6 8 10 | 10.4
Long Blades    | 1 2 3 5 7 9 11 13 16 17 18 20 | 20.1
Spellcasting   | 4 5 7 9 |  9.0
Fighting       | 2 4 6 7 8 9 10 11 13 15 16 17 18 19 20 | 20.7
Invocations    | 5 6 8 10 | 10.9
Dodging        | 5 8 10 12 15 16 | 16.9
Armour         | 1 4 6 9 10 12 14 15 16 | 16.5
Evocations     | 4 5 7 10 12 | 12.8
Hexes          | 8 9 |  9.0
Charms         | 4 6 9 |  9.0
Translocations | 5 |  5.0
Stealth        | |  3.0

Action                   |  1- 3 |  4- 6 |  7- 9 | 10-12 | 13-15 | 16-18 | 19-21 | 22-24 | 25-27 || total
-------------------------+-------+-------+-------+-------+-------+-------+-------+-------+-------++-------
Melee: Dagger            |    12 |     2 |       |       |       |       |       |       |       ||    14
       Unarmed           |     6 |       |       |     1 |       |       |       |       |       ||     7
       Falchion          |       |    16 |   153 |       |       |       |       |       |       ||   169
       Bite              |       |     1 |    25 |    46 |   164 |   191 |   217 |   229 |    22 ||   895
       Whip              |       |       |   133 |   170 |       |       |       |       |       ||   303
       Halberd           |       |       |     1 |       |       |       |       |       |       ||     1
       Scimitar          |       |       |     7 |   193 |       |       |       |       |       ||   200
       Great sword       |       |       |       |   102 |  1535 |  1279 |  1573 |  1411 |   147 ||  6047
 Fire: Blowgun           |       |       |       |       |       |     1 |       |       |       ||     1
Throw: Stone             |       |     6 |     4 |     2 |     2 |       |       |       |       ||    14
 Cast: Pain              |    62 |   118 |   169 |    76 |     2 |       |       |       |       ||   427
       Animate Skeleton  |     4 |    24 |    15 |     4 |     5 |       |       |       |       ||    52
       Vampiric Draining |       |       |    37 |    84 |    98 |    10 |    25 |    10 |       ||   264
       Control Undead    |       |       |     6 |     6 |     1 |       |     2 |     1 |       ||    16
       Animate Dead      |       |       |     3 |    34 |    25 |    20 |    14 |    23 |       ||   119
       Regeneration      |       |       |       |    11 |    12 |    24 |    53 |    49 |    11 ||   160
       Confuse           |       |       |       |       |    59 |   108 |    88 |    40 |     4 ||   299
       Tukima's Dance    |       |       |       |       |    19 |    29 |    33 |    21 |       ||   102
       Spectral Weapon   |       |       |       |       |    22 |    89 |    51 |    51 |     8 ||   221
       Repel Missiles    |       |       |       |       |       |     5 |    17 |    22 |     2 ||    46
Invok: Minor Destruction |       |       |    17 |   106 |   256 |   101 |   188 |    62 |     1 ||   731
       Lesser Servant of |       |       |       |     9 |    29 |    17 |    11 |     5 |       ||    71
       Greater Servant o |       |       |       |       |       |     6 |     5 |     3 |       ||    14
       Major Destruction |       |       |       |       |       |     1 |     3 |       |       ||     4
 Abil: Bat Form          |       |     2 |     3 |     3 |     1 |     4 |       |       |     2 ||    15
       End Transformatio |       |     2 |     3 |     3 |     1 |     4 |       |       |     1 ||    14
       Evoke Invisibilit |       |       |       |       |       |       |       |     5 |       ||     5
Evoke: Wand              |       |       |     2 |     3 |     8 |    10 |    14 |    25 |     5 ||    67
       Lamp of fire      |       |       |       |       |     2 |       |     1 |     1 |       ||     4
       Phial of floods   |       |       |       |       |       |     3 |     1 |     3 |       ||     7
       Box of beasts     |       |       |       |       |       |       |       |     6 |     1 ||     7
       Rod               |       |       |       |       |       |       |       |     1 |       ||     1
  Use: Potion            |     3 |    10 |    23 |    25 |    71 |    51 |    43 |    51 |     9 ||   286
       Scroll            |       |     4 |     9 |    20 |    20 |    16 |    13 |    21 |     2 ||   105
 Stab: Sleeping          |     2 |       |     4 |     9 |     2 |       |       |       |       ||    17
       Paralysed         |       |       |     8 |       |       |     5 |       |       |       ||    13
       Betrayed ally     |       |       |     2 |       |       |       |       |       |       ||     2
       Distracted        |       |       |       |     2 |     5 |    15 |    11 |    26 |     1 ||    60
       Confused          |       |       |       |       |    16 |    34 |    12 |    14 |       ||    76
       Invisible         |       |       |       |       |       |     2 |       |    15 |       ||    17
  Eat: Corpse            |       |       |       |       |       |       |     3 |       |       ||     3
Armor: Robe              |     7 |    15 |    30 |       |       |       |       |       |       ||    52
       Ring mail         |       |       |    13 |   187 |   194 |       |       |       |       ||   394
       Chain mail        |       |       |       |       |   740 |   795 |   738 |   818 |    46 ||  3137
Dodge: Dodged            |    23 |    27 |   214 |   386 |  1119 |   774 |   706 |   837 |    42 ||  4128
       Deflected         |       |       |       |       |       |    18 |    64 |    42 |       ||   124
Block: Other             |       |       |    33 |    63 |   229 |   188 |    91 |       |       ||   604
       Reflection        |       |       |       |       |    11 |    19 |     3 |       |       ||    33
       Rpst.: Falchion   |       |     9 |    36 |       |       |       |       |       |       ||    45
       Scimitar          |       |       |     2 |    49 |       |       |       |       |       ||    51
       Great sword       |       |       |       |    17 |   265 |   153 |   156 |   165 |    10 ||   766
